 Dungeon Crawl Stone Soup version 0.30.0-19-g36f170ea60 (webtiles) character file.

Game seed: 7984654364649914968

31349 Elliot10013 the Severer (level 13, -2/116 HPs)
             Began as a Minotaur Berserker on May 30, 2023.
             Was a High Priest of Trog.
             Slain by a chaos spawn (8 damage)
             ... summoned by an orc high priest
             ... on level 2 of the Orcish Mines.
             The game lasted 00:54:51 (13542 turns).

Elliot10013 the Severer (Minotaur Berserker)       Turns: 13542, Time: 00:54:52

Health: -2/116     AC: 13    Str: 39    XL:     13   Next: 25%
Magic:  12/12      EV: 10    Int:  4    God:    Trog [*****.]
Gold:   647        SH: 17    Dex: 13    Spells: 12/12 levels left

rFire   . . .        q - +6 war axe "Fuhuj" {freeze, Dex+3}
rCold   . . .        k - +0 tower shield
rNeg    . . .        h - +1 plate armour
rPois   .            (helmet restricted)
rElec   .            (no cloak)
rCorr   .            G - +0 pair of gloves
SInv    .            (no boots)
Will    .....        m - amulet of faith Stlth
                     A - +6 ring of strength
HPRegen 0.39/turn    J - +6 ring of strength
MPRegen 0.13/turn

%: faith
@: about to teleport, on berserk cooldown, slowed, very slow
A: horns 2, retaliatory headbutt, deformed body
a: Renounce Religion, Berserk, Trog's Hand, Brothers in Arms


You were on level 2 of the Orcish Mines.
You worshipped Trog.
Trog was extremely pleased with you.
You visited 2 branches of the dungeon, and saw 14 of its levels.
You also visited: Ossuary.

You collected 1259 gold pieces.
You spent 612 gold pieces at shops.

Inventory:

Hand Weapons
 a - a +1 heavy falchion
 q - the +6 war axe "Fuhuj" (weapon) {freeze, Dex+3}
   (You found it on level 3 of the Dungeon)

   Dex:       It affects your dexterity (+3).
 S - a +5 spectral hand axe
Missiles
 o - 2 boomerangs (quivered)
Armour
 b - a +0 animal skin
 d - a +0 ring mail
 h - a +1 plate armour (worn)
 j - the +6 chain mail of the Hart {rN+}
   (You found it on level 3 of the Dungeon)

   rN:        It protects you from negative energy.
 k - a +0 tower shield (worn)
 l - a +0 leather armour
 B - a +2 leather armour of fire resistance
 G - a +0 pair of gloves (worn)
 I - a +0 kite shield of reflection
 L - a +0 troll leather armour
 N - an orb of wrath
Magical Staves
 c - a staff of fire
Jewellery
 g - a ring of willpower
 m - an amulet of faith (around neck)
 A - a +6 ring of strength (left hand)
 C - a ring of willpower
 H - a ring of positive energy
 J - a +6 ring of strength (right hand)
 K - a +5 ring of evasion
 M - a ring of resist corrosion
 Q - a ring of see invisible
 R - a ring of magical power
Wands
 v - a wand of paralysis (11)
 E - a wand of mindburst (12)
 F - a wand of roots (11)
 O - a wand of polymorph (1)
 P - a wand of flame (10)
Scrolls
 i - a scroll of brand weapon
 n - a scroll of vulnerability
 p - 3 scrolls of enchant weapon
 s - 6 scrolls of teleportation
 w - a scroll of summoning
 y - 3 scrolls of immolation
 z - a scroll of blinking
 D - a scroll of amnesia
Potions
 e - 5 potions of heal wounds
 f - 3 potions of haste
 r - a potion of attraction
 t - 6 potions of curing
 u - 2 potions of ambrosia
 x - a potion of flight
 T - a potion of resistance


   Skills:
 + Level 11.5 Fighting
 + Level 5.9 Long Blades
 + Level 15.3 Axes
 + Level 0.3 Throwing
 + Level 12.0 Armour
 + Level 5.2 Dodging
 + Level 3.6 Stealth
 + Level 12.3 Shields


You had 12 spell levels left.
You didn't know any spells.
Your spell library contained the following spells:

 Spells                   Type           Power      Damage    Failure   Level
 Foxfire                  Conj/Fire      0%         2x1d4     99%         1
 Poisonous Vapours        Pois/Air       0%         N/A       100%        2
 Scorch                   Fire           0%         2d5       100%        2
 Frozen Ramparts          Ice            0%         1d1       100%        3
 Mephitic Cloud           Conj/Pois/Air  0%         N/A       100%        3
 Flame Wave               Conj/Fire      0%         2d4       100%        4
 Ice Form                 Ice/Tmut       0%         N/A       100%        4
 Summon Ice Beast         Ice/Summ       0%         N/A       100%        4
 Blade Hands              Tmut           0%         N/A       100%        5
 Fireball                 Conj/Fire      0%         3d3       100%        5
 Freezing Cloud           Conj/Ice/Air   0%         6-21      100%        5
 Irradiate                Conj/Tmut      0%         3d11      100%        5
 Plasma Beam              Fire/Air       0%         2x1d11    100%        6
 Starburst                Conj/Fire      0%         6d3       100%        6
 Summon Cactus Giant      Summ           0%         N/A       100%        6
 Dragon Form              Tmut           0%         N/A       100%        7
 Enfeeble                 Hex            0%         N/A       100%        7
 Orb of Destruction       Conj           0%         9d5       100%        7


Dungeon Overview and Level Annotations

Branches:
Dungeon (12/15)            Temple (0/1) D:5             Orc (2/2) D:12
Ossuary (visited)
   Lair: D:8-11         Elf: Orc:2

Altars:
Dithmenos
Makhleb
Okawaru
Sif Muna
Vehumet
Xom
The Shining One

Shops:
D:9 (   D:12 *   Orc:2 [(=*

Portals:
Trove: D:10 (give 3 potions of resistance)


Innate Abilities, Weirdness & Mutations

You have a pair of horns on your head.
You reflexively headbutt those who attack you in melee.
Armour fits poorly on your strangely shaped body.


Message History

You slash the orc high priest! You freeze the orc high priest.
Your headbutt misses the orc high priest.
The orc high priest is lightly wounded.
You closely miss the ice devil. You closely miss the orc sorcerer.
You closely miss the orc warrior.
You are no longer berserk.
You are exhausted.
You feel yourself slow down. You block the orc warrior's attack.
You block the ice devil's attack.
You closely miss the orc high priest.
The orc high priest is lightly wounded.
You hit the ice devil but do no damage.
You hit the orc sorcerer but do no damage.
You slash the orc warrior! You freeze the orc warrior.
The orc sorcerer casts a spell at you. The bolt of fire hits you!!
* * * LOW HITPOINT WARNING * * *
The orc high priest hits you with a +0 dire flail.
* * * LOW HITPOINT WARNING * * *
You block the orc warrior's attack. The ice devil barely misses you.
You block the orc sorcerer's attack. You block the orc high priest's attack.
The orc sorcerer attacks as you move away!
The orc sorcerer hits you but does no damage.
You block the chaos spawn's attack.
The orc warrior unwields a +0 long sword.
The orc warrior wields a +0 arbalest.
The orc warrior shoots a bolt.
You block the bolt. You block the orc high priest's attack.
You block the chaos spawn's attack.
Things that are here:
a +0 short sword; a +0 chain mail
Okay, then.
As you read the scroll of teleportation, it crumbles to dust.
You feel strangely unstable.
The ice devil hits you but does no damage.
The orc high priest hits you with a +0 dire flail.
* * * LOW HITPOINT WARNING * * *
The chaos spawn gores you.
* * * LOW HITPOINT WARNING * * *
Space warps horribly around you!
You die...

P#...##.#....## .....
.....# #......# ......
.#..####.....## ......
######........####....#
# .............#...# #
......#..........#
....####...$....#
....#####...4o4.#.#
##...........@3oo..# #
#............##o......
#####.#........##
.......
.##.....#...#..#
....P..
...........#####
.......
...........<...#
.......
..P8....))...###
..P....
........)......#
.....∩.
P....∩..)).#...#


You could see a soul eater (summoned), an orc high priest, an ice devil
(summoned), a chaos spawn (summoned), an orc sorcerer and 2 orc warriors.

Vanquished Creatures
  Frances (D:12)
  A boulder beetle (D:12)
  A tengu warrior (D:9)
  A two-headed ogre (D:9)
  Nergalle (D:12)
  A deep elf pyromancer (D:12)
  3 orc sorcerers
  Pikel (D:5)
  2 cyclopes
  Maurice (D:12)
  Joseph (D:9)
  An unseen horror (D:12)
  4 trolls
  3 slime creatures (D:12)
  A vampire (D:12)
  A wraith (D:10)
  A shadow (D:12)
  13 yaks
  4 wyverns
  3 steam dragons
  6 vampire mosquitoes
  3 wargs (Orc:2)
  A water moccasin (D:9)
  An acid dragon (D:9)
  17 orc warriors
  A swamp drake (D:12)
  2 sky beasts (D:8)
  3 black bears
  2 ogres
  3 centaurs
  A boggart (D:9)
  2 phantoms (D:5)
  An elf zombie (Ossuary)
  4 kobold brigands
  2 gnoll sergeants
  3 bullfrogs
  4 scorpions
  A wight (D:9)
  A hornet simulacrum (D:12)
  15 killer bees
  5 howler monkeys
  A crimson imp (D:10)
  2 jellies
  2 gnoll boudas (D:5)
  12 orc priests
  2 hounds (D:5)
  3 iguanas
  2 sleepcaps
  28 orc wizards
  3 mummies
  6 adders
  21 gnolls
  A shadow imp (D:5)
  A white imp (D:8)
  An ufetubus (D:7)
  3 worms
  4 dart slugs
  62 orcs
  6 ball pythons
  An endoplasm (D:1)
  3 giant cockroaches
  3 goblins
  7 hobgoblins
  10 kobolds
  2 quokkas
  3 bats (D:2)
  2 frilled lizards
  3 gnoll zombies (Ossuary)
  2 goblin zombies (Ossuary)
  3 hobgoblin zombies (Ossuary)
  5 orc zombies (Ossuary)
  4 rats
331 creatures vanquished.

Vanquished Creatures (collateral kills)
  An orc warlord (Orc:2)
  3 orc knights (Orc:2)
  An orc sorcerer (Orc:2)
  3 trolls (Orc:2)
  5 orc warriors
  A sky beast (D:8)
  An orc wizard (Orc:1)
  2 orcs (Orc:1)
17 creatures vanquished.

Grand Total: 348 creatures vanquished

Notes
Turn   | Place    | Note
-------+----------+-------------------------------------------
     0 | D:1      | Elliot10013 the Minotaur Berserker began the quest for the
                  | Orb.
     0 | D:1      | Reached XP level 1. HP: 19/19 MP: 0/0
   235 | D:1      | Reached XP level 2. HP: 27/27 MP: 1/1
   316 | D:1      | Found a faded altar of an unknown god.
   588 | D:2      | Reached XP level 3. HP: 23/33 MP: 2/2
   839 | D:2      | Reached XP level 4. HP: 39/40 MP: 3/3
   920 | D:2      | Reached ** piety under Trog
   976 | D:2      | Reached skill level 5 in Long Blades
  1138 | D:3      | Identified the +6 chain mail of the Hart {rN+}
  1532 | D:3      | Identified the +6 war axe "Fuhuj" {freeze, Dex+3}
  1690 | D:3      | Noticed a scorpion
  1694 | D:3      | Reached XP level 5. HP: 33/47 MP: 4/4
  2302 | D:4      | Reached skill level 1 in Shields
  2303 | D:4      | Reached skill level 1 in Axes
  2370 | D:4      | Found a shimmering blue altar of Sif Muna.
  2376 | D:4      | Reached XP level 6. HP: 53/53 MP: 5/5
  2386 | D:4      | Reached skill level 2 in Axes
  3433 | D:4      | Reached skill level 5 in Fighting
  3433 | D:4      | Reached skill level 3 in Axes
  3671 | D:4      | Reached *** piety under Trog
  3852 | D:4      | Reached skill level 5 in Armour
  3852 | D:4      | Reached XP level 7. HP: 61/61 MP: 6/6
  3904 | D:5      | Entered Level 5 of the Dungeon
  3915 | D:5      | Reached skill level 4 in Axes
  3951 | D:5      | Reached skill level 5 in Axes
  4496 | D:5      | Reached XP level 8. HP: 69/69 MP: 7/7
  4530 | D:5      | Noticed Pikel
  4538 | D:5      | Killed Pikel
  4539 | D:5      | Reached skill level 6 in Axes
  4558 | D:5      | Found a staircase to the Ecumenical Temple.
  4657 | D:5      | Reached skill level 7 in Axes
  4724 | D:5      | Found an iron altar of Okawaru.
  5003 | D:6      | Found a sand-covered staircase.
  5078 | D:6      | Reached **** piety under Trog
  5519 | D:6      | Reached skill level 8 in Axes
  5519 | D:6      | Reached XP level 9. HP: 79/79 MP: 8/8
  5600 | Ossuary  | Entered an ossuary
  5623 | Ossuary  | Reached skill level 5 in Shields
  6087 | D:7      | Reached skill level 9 in Axes
  6443 | D:7      | Reached ***** piety under Trog
  6696 | D:8      | Reached skill level 10 in Axes
  7229 | D:8      | Found a shimmering altar of Xom.
  7229 | D:8      | Found a shadowy altar of Dithmenos.
  7232 | D:8      | Found a glowing golden altar of the Shining One.
  7731 | D:9      | Noticed Joseph
  7742 | D:9      | Killed Joseph
  7743 | D:9      | Reached XP level 10. HP: 88/88 MP: 9/9
  7766 | D:9      | Reached skill level 11 in Axes
  7875 | D:9      | Noticed a tengu warrior
  7876 | D:9      | Noticed a cyclops
  7882 | D:9      | Killed a tengu warrior
  7886 | D:9      | Killed a cyclops
  8083 | D:9      | Reached skill level 12 in Axes
  8085 | D:9      | Got The Catalogue of Greatest Risks and Utility
  8190 | D:9      | Noticed a two-headed ogre
  8199 | D:9      | Killed a two-headed ogre
  8472 | D:9      | Found Ciuxzife's Antique Weapon Shop.
  8651 | D:10     | Entered Level 10 of the Dungeon
  8677 | D:10     | Reached XP level 11. HP: 95/95 MP: 10/10
  9426 | D:10     | Reached skill level 13 in Axes
  9636 | D:10     | Found a portal to a secret trove of treasure.
  9700 | D:10     | Received a gift from Trog
  9783 | D:10     | Found a radiant altar of Vehumet.
  9783 | D:10     | Found a burning altar of Makhleb.
  9866 | D:10     | Gained mutation: Armour fits poorly on your strangely
                  | shaped body. [potion of mutation]
  9903 | D:10     | Reached skill level 10 in Fighting
  9903 | D:10     | Reached skill level 10 in Armour
  9903 | D:10     | Reached skill level 5 in Dodging
  9903 | D:10     | Reached skill level 10 in Shields
  9903 | D:10     | Reached XP level 12. HP: 106/106 MP: 11/11
 10804 | D:12     | Noticed Maurice
 10817 | D:12     | Killed Maurice
 10821 | D:12     | Found Wanebuzu's Gadget Gallery.
 10828 | D:12     | Noticed Nergalle
 10834 | D:12     | Killed Nergalle
 11202 | D:12     | Noticed a boulder beetle
 11215 | D:12     | Killed a boulder beetle
 11753 | D:12     | Noticed Frances
 11762 | D:12     | Killed Frances
 11763 | D:12     | Reached skill level 14 in Axes
 12135 | D:12     | Found a staircase to the Orcish Mines.
 12409 | Orc:1    | Entered Level 1 of the Orcish Mines
 12751 | Orc:2    | Entered Level 2 of the Orcish Mines
 12751 | Orc:2    | Found Xenn's Jewellery Shoppe.
 12773 | Orc:2    | Bought a +6 ring of strength for 612 gold pieces
 13221 | Orc:2    | Noticed an orc warlord
 13223 | Orc:2    | Reached XP level 13. HP: 116/116 MP: 12/12
 13242 | Orc:2    | Reached skill level 15 in Axes
 13244 | Orc:2    | Killed an orc warlord
 13355 | Orc:2    | Found Plog's Antique Armour Emporium.
 13405 | Orc:2    | Found Jinkuipo's Antique Weapon Emporium.
 13530 | Orc:2    | Found Yssul's General Store.
 13534 | Orc:2    | Paralysed by an orc sorcerer for 4 turns
 13542 | Orc:2    | Slain by a chaos spawn

Illustrated notes

Levels and vault maps discovered:
D:1:      dpeg_arrival_round_a, layout_basic,
          shapermc_ecumenical_altar_totnotflames, roderic_roman_lattice,
          amcnicky_mini_rare_corridor_liquid, nicolae_eternal_life,
          minmay_misc_feat_room
D:2:      layout_loops_ring, grunt_ministairs_11, guppyfry_early_lair_pool
D:3:      layout_basic, serial_bayou_pond_d
D:4:      layout_loops_corners, lemuel_round_altar
D:5:      wander_river, layout_basic, mainiacjoe_overflow_alcove_1,
          minmay_temple_entry_large_hall, uniq_pikel
D:6:      nicolae_cairo_tiling_large, layout_rooms, gup_ossuary_entry_pyramid
D:7:      layout_gridville
D:8:      layout_gridville, nicolae_overflow_hidden_temple, lair_entry_dummy,
          hangedman_misty_isle
D:9:      minmay_ornate_pinched, layout_cave_pools, serial_shops,
          nicolae_shop_advertising_works [nicolae_subvault_shop_adworks],
          uniq_joseph
D:10:     layout_small_grid, grunt_temple_overflow_lords_of_destruction,
          enter_trove_3
D:11:     layout_roguey
D:12:     layout_loops_ring, erik_orc_1, nicolae_shop_gadgets, uniq_frances,
          uniq_maurice, uniq_nergalle
Orc:1:    layout_caves
Orc:2:    grunt_orc_gardens, layout_diamond_mine, grunt_orc_garden,
          grunt_orc_garden, grunt_orc_garden, grunt_orc_garden, serial_shops,
          nicolae_shop_trees

Skill      XL: |  1  2  3  4  5  6  7  8  9 10 11 12 13 |
---------------+----------------------------------------+-----
Fighting       | 4 5 7 8 10 11 | 11.5
Long Blades    | 4 5 |  5.9
Armour         | 3 4 5 6 7 9 10 11 12 | 12.0
Shields        | 1 3 4 7 8 10 11 12 | 12.3
Axes           | 1 3 5 8 10 12 13 14 15 | 15.3
Dodging        | 5 |  5.2
Stealth        | 3 |  3.6
Throwing       | |  0.3

Action                     |  1- 3 |  4- 6 |  7- 9 | 10-12 | 13-15 || total
---------------------------+-------+-------+-------+-------+-------++-------
  Melee: Falchion          |    61 |    48 |       |       |       ||   109
         Headbutt          |    12 |    11 |    29 |    52 |     6 ||   110
         War axe           |       |    57 |   193 |   288 |    27 ||   565
  Throw: Boomerang         |       |       |     2 |       |       ||     2
 Invoke: Berserk           |     1 |     4 |    11 |     8 |     1 ||    25
         Trog's Hand       |       |       |     1 |       |     2 ||     3
         Brothers in Arms  |       |       |     1 |     2 |     2 ||     5
    Use: Scroll            |     1 |     6 |     5 |    11 |     1 ||    24
         Potion            |       |     1 |     1 |     6 |       ||     8
 Armour: Ring mail         |     9 |       |       |       |       ||     9
         Plate armour      |    22 |    76 |   111 |    80 |    10 ||   299
  Dodge: Dodged            |    17 |    17 |    42 |    84 |    10 ||   170
  Block: Tower shield      |     7 |    68 |   163 |   228 |    46 ||   512
